Rangers vs BlackHawks

Created - November 29, 2016 at 17:41

Goals
1 2 3 T
Rangers 1 1 0 2
BlackHawks 2 2 1 5
Shots
1 2 3 T
Rangers 4 9 6 19
BlackHawks 12 12 9 33

1st period

1. BlackHawks , John Klingberg 3 (Tom Wilson, Dion Phaneuf) at 5:00
2. Rangers , Tyler Ennis 2 (Sean Couturier) at 8:38
3. BlackHawks , John Klingberg 4 (Phil Kessel, Dion Phaneuf) at 8:57

Penalties :
No Penalty

2nd period

4. BlackHawks , Artemi Panarin 5 (Alex Galchenyuk, Adam McQuaid) at 6:04
5. Rangers , Benoit Pouliot 9 (Brad Richards, Jaromir Jagr) at 7:04
6. BlackHawks , Phil Kessel 10 (John Klingberg, Artemi Panarin) at 13:49

Penalties :
Alex Goligoski (NYR) for Holding (Minor) at 0:13, Tom Wilson (CHI) for Hooking (Minor) at 3:09, Adam McQuaid (CHI) for Holding (Minor) at 19:00

3rd period

7. BlackHawks , Phil Kessel 11 (Alex Galchenyuk, Artemi Panarin) at 3:02 (PP)

Penalties :
Matt Calvert (NYR) for Roughing (Minor) at 2:01, Cedric Paquette (NYR) for Hooking (Minor) at 7:11, Tom Wilson (CHI) for Holding (Minor) at 10:36, Dion Phaneuf (CHI) for Charging (Minor) at 14:56

Goalie Stats

Scott Darling (NYR), 15 saves from 19 shots - (0.789), L, 2-4-0, 33:49 minutes
Brian Elliott (NYR), 13 saves from 14 shots - (0.929), 26:11 minutes
Craig Anderson (CHI), 17 saves from 19 shots - (0.895), W, 8-9-2, 60:00 minutes

Players Stats for Rangers

Player Name              G  A  P  +/- PIM S  H  SB GA TA FO     MP     PP MP  PK MP  
------------------------------------------------------------------------------------
Alex Goligoski           0  0  0   0  2   2  0  2  0  0  0/0    24:07   3:07   1:51 
Benoit Pouliot           1  0  1   0  0   1  0  1  0  0  0/4    19:15   5:11   2:47 
Brad Richards            0  1  1  -1  0   3  0  0  0  0  12/19  16:13   0:35   0:00 
Cedric Paquette          0  0  0  -1  2   2  0  0  0  0  1/2     8:48   2:45   0:50 
Chris Tanev              0  0  0   0  0   0  2  0  0  0  0/0    16:43   0:37   0:51 
Connor McDavid           0  0  0  -1  0   3  0  0  0  0  16/25  21:57   4:36   0:00 
Craig Smith              0  0  0  -1  0   0  1  0  0  0  0/1    16:28   0:00   0:00 
Fredrik Claesson         0  0  0  -2  0   0  0  0  0  0  0/0    15:57   3:09   0:08 
Jaromir Jagr             0  1  1   0  0   1  2  0  0  0  3/5    19:41   5:11   3:13 
Joel Edmundson           0  0  0  -2  0   0  3  3  0  0  0/0    15:22   0:00   2:42 
Karl Alzner              0  0  0   0  0   0  2  0  0  0  0/0    25:31   4:12   2:09 
Kris Russell             0  0  0   0  0   0  2  0  0  0  0/0    22:19   4:47   2:17 
Matt Calvert             0  0  0   0  2   0  2  0  0  0  1/1    19:05   2:45   2:15 
Mikael Backlund          0  0  0  -1  0   1  0  0  0  0  1/1     5:14   0:00   0:00 
Nick Schultz             0  0  0   0  0   0  0  0  0  0  0/0     0:00   0:00   0:00 
Sean Couturier           0  1  1   0  0   0  0  1  0  0  7/16   14:06   0:00   0:00 
Tomas Tatar              0  0  0  -1  0   5  0  0  0  0  2/3    20:06   2:45   0:53 
Tyler Ennis              1  0  1   0  0   1  2  0  0  0  0/0    14:06   0:00   0:00 

Players Stats for BlackHawks

Player Name              G  A  P  +/- PIM S  H  SB GA TA FO     MP     PP MP  PK MP  
------------------------------------------------------------------------------------
Adam McQuaid             0  1  1   0  2   2  0  1  0  0  0/0    17:31   0:00   2:50 
Alex Galchenyuk          0  2  2   3  0   4  1  0  0  0  10/22  20:12   2:32   2:33 
Artemi Panarin           1  2  3   3  0   4  2  0  0  0  0/1    17:39   2:32   0:00 
Deryk Engelland          0  0  0  -1  0   1  0  0  0  0  0/0    10:04   0:00   2:57 
Dion Phaneuf             0  2  2   3  2   1  2  0  0  0  0/0    22:24   2:32   3:23 
Jack Eichel              0  0  0   1  0   5  0  0  0  0  10/20  18:19   2:27   0:00 
Jason Chimera            0  0  0   1  0   5  1  0  0  0  2/2    18:19   2:27   0:00 
Jason Demers             0  0  0  -1  0   0  3  0  0  0  0/0    20:50   2:27   2:58 
John Klingberg           2  1  3   3  0   3  0  2  0  0  0/0    20:39   2:32   1:09 
John-Michael Liles       0  0  0   0  0   0  0  0  0  0  0/0    18:14   2:27   0:37 
Michael McCarron         0  0  0  -1  0   1  1  0  0  0  0/0     8:59   0:00   0:00 
Mike Richards            0  0  0  -1  0   1  1  1  0  0  5/10   13:58   0:00   4:59 
Phil Kessel              2  1  3   3  0   3  0  0  0  0  0/1    17:39   2:32   0:00 
Sam Bennett              0  0  0  -1  0   1  0  0  0  0  1/7    11:26   2:27   0:00 
Tom Wilson               0  1  1   1  4   2  2  0  0  0  0/0    18:16   0:00   2:26 
Trevor Lewis             0  0  0  -1  0   0  0  2  0  0  6/14   10:04   0:00   2:57 
Willie Mitchell          0  0  0  -1  0   0  2  0  0  0  0/0    20:20   0:00   4:55 
Zack Kassian             0  0  0  -1  0   0  0  0  0  0  0/0     7:07   0:00   0:00 

3 Stars

1 - John Klingberg (CHI)
2 - Phil Kessel (CHI)
3 - Artemi Panarin (CHI)

Power Play

Rangers - 0 on 4 Attempt(s) - 0.00%
BlackHawks - 1 on 3 Attempt(s) - 33.33%

Penalty Kill

Rangers - 2 on 3 Attempt(s) - 66.67% - Score 0 goal in Penalty Kill
BlackHawks - 4 on 4 Attempt(s) - 100.00% - Score 0 goal in Penalty Kill

Team Stat

Rangers - Hits : 16 - Faceoff Wins : 43 - Blocked Shots : 7 - Penalty Minutes : 6
BlackHawks - Hits : 15 - Faceoff Wins : 34 - Blocked Shots : 6 - Penalty Minutes : 8

Official

Referees : Rob Martell and Eric Furlatt
Linesman : Brandon Gawryletz and Ryan Galloway

Game Notes

Brian Elliott enters game at 13:49 of 2nd period

Finance

Level 1 -- Attendance: 5690 (87.54%) -- Ticket Income $625,900
Level 2 -- Attendance: 5000 (100.00%) -- Ticket Income $375,000
Level 3 -- Attendance: 3466 (99.03%) -- Ticket Income $194,096
Level 4 -- Attendance: 2791 (75.09%) -- Ticket Income $111,640
Luxury Box -- Attendance: 1000 (100.00%) -- Ticket Income $199,000
Game was played at the United Center.
Total Attendance: 17947 (91.02%)
Total Ticket Income: $1,505,636
Other Income: $225,845
Total Income: $1,731,481

% Time on Ice - Rangers

Lines # - Real PCT - Wanted PCT - Time Play
Normal Forward
1 - 35% - 40% - 16:28
2 - 24% - 30% - 11:17
3 - 30% - 20% - 14:06
4 - 11% - 10% - 5:14
Normal Defense
1 - 38% - 40% - 17:45
2 - 32% - 30% - 15:15
3 - 27% - 20% - 12:40
4 - 3% - 10% - 1:25
PP Forward
1 - 65% - 60% - 5:11
2 - 35% - 40% - 2:45
PP Defense
1 - 60% - 60% - 4:47
2 - 40% - 40% - 3:09
PK Forward
1 - 65% - 60% - 3:13
2 - 35% - 40% - 1:46
PK Defense
1 - 43% - 60% - 2:09
2 - 57% - 40% - 2:50
PK3 Forward
1 - 0% - 60%
2 - 0% - 40%
PK3 Defense
1 - 0% - 60%
2 - 0% - 40%
44 Forward
1 - 0% - 60%
2 - 0% - 40%
44 Defense
1 - 0% - 60%
2 - 0% - 40%
Last Minute Offensive  - 0:00
Last Minute Defensive  - 0:00
Total
Forward - 60:00
Defense - 60:00

% Time on Ice - BlackHawks

Lines # - Real PCT - Wanted PCT - Time Play
Normal Forward
1 - 32% - 35% - 15:07
2 - 34% - 34% - 15:52
3 - 19% - 21% - 8:59
4 - 15% - 10% - 7:07
Normal Defense
1 - 35% - 37% - 16:30
2 - 33% - 34% - 15:25
3 - 32% - 29% - 15:10
4 - 0% - 0% - 0:00
PP Forward
1 - 51% - 50% - 2:32
2 - 49% - 50% - 2:27
PP Defense
1 - 51% - 50% - 2:32
2 - 49% - 50% - 2:27
PK Forward
1 - 63% - 55% - 4:59
2 - 37% - 45% - 2:57
PK Defense
1 - 37% - 50% - 2:58
2 - 63% - 50% - 4:58
PK3 Forward
1 - 0% - 50%
2 - 0% - 50%
PK3 Defense
1 - 0% - 55%
2 - 0% - 45%
44 Forward
1 - 0% - 55%
2 - 0% - 45%
44 Defense
1 - 0% - 55%
2 - 0% - 45%
Last Minute Offensive  - 0:00
Last Minute Defensive  - 0:00
Total
Forward - 60:00
Defense - 60:00

Play by Play

1st period


0:01 of 1st period - Connor McDavid wins face-off versus Alex Galchenyuk in neutral zone.
0:06 of 1st period - Shot by Craig Smith.
0:06 of 1st period - Shot Blocked by John Klingberg.
0:29 of 1st period - Icing by Karl Alzner.
0:30 of 1st period - Tomas Tatar wins face-off versus Jack Eichel in Rangers zone.
1:39 of 1st period - Icing by Kris Russell.
1:40 of 1st period - Trevor Lewis wins face-off versus Brad Richards in Rangers zone.
3:22 of 1st period - Shot by Phil Kessel.
3:22 of 1st period - Shot Misses the Net.
4:31 of 1st period - Icing by Jason Demers.
4:32 of 1st period - Brad Richards wins face-off versus Sam Bennett in BlackHawks zone.
4:33 of 1st period - Shot by Mikael Backlund.
4:33 of 1st period - Deflect By Brad Richards.
4:33 of 1st period - Stopped by Craig Anderson without a rebound.
4:34 of 1st period - Brad Richards wins face-off versus Jack Eichel in BlackHawks zone.
4:34 of 1st period - Brad Richards is hit by Dion Phaneuf.
4:39 of 1st period - Brad Richards is hit by Dion Phaneuf and loses puck.
4:58 of 1st period - Shot by Tom Wilson.
4:58 of 1st period - Shot Misses the Net.
5:00 of 1st period - Shot by John Klingberg.
5:00 of 1st period - Goal by John Klingberg - Rangers : 0 - BlackHawks : 1.
5:01 of 1st period - Alex Galchenyuk wins face-off versus Connor McDavid in neutral zone.
6:33 of 1st period - Shot by Jack Eichel.
6:33 of 1st period - Stopped by Scott Darling with a rebound.
6:50 of 1st period - Jaromir Jagr is hit by Willie Mitchell and loses puck.
7:03 of 1st period - Shot by Willie Mitchell.
7:03 of 1st period - Shot Misses the Net.
7:05 of 1st period - Shot by Michael McCarron.
7:05 of 1st period - Shot Misses the Net.
7:25 of 1st period - Shot by Mike Richards.
7:25 of 1st period - Stopped by Scott Darling with a rebound.
7:27 of 1st period - Shot by Willie Mitchell.
7:27 of 1st period - Shot Blocked by Benoit Pouliot.
8:38 of 1st period - Shot by Tyler Ennis.
8:38 of 1st period - Goal by Tyler Ennis - Rangers : 1 - BlackHawks : 1.
8:39 of 1st period - Alex Galchenyuk wins face-off versus Sean Couturier in neutral zone.
8:53 of 1st period - Shot by Dion Phaneuf.
8:53 of 1st period - Shot Misses the Net.
8:55 of 1st period - Shot by Phil Kessel.
8:55 of 1st period - Shot Misses the Net.
8:57 of 1st period - Shot by John Klingberg.
8:57 of 1st period - Goal by John Klingberg - Rangers : 1 - BlackHawks : 2.
8:58 of 1st period - Sean Couturier wins face-off versus Jack Eichel in neutral zone.
8:58 of 1st period - Karl Alzner is hit by Tom Wilson.
9:47 of 1st period - Karl Alzner is hit by Tom Wilson and loses puck.
10:00 of 1st period - Artemi Panarin is hit by Matt Calvert and loses puck.
10:11 of 1st period - Shot by Alex Galchenyuk.
10:11 of 1st period - Stopped by Scott Darling without a rebound.
10:12 of 1st period - Mike Richards wins face-off versus Connor McDavid in Rangers zone.
11:08 of 1st period - Shot by Mikael Backlund.
11:08 of 1st period - Stopped by Craig Anderson without a rebound.
11:09 of 1st period - Brad Richards wins face-off versus Alex Galchenyuk in BlackHawks zone.
11:42 of 1st period - Shot by Alex Galchenyuk.
11:42 of 1st period - Stopped by Scott Darling without a rebound.
11:43 of 1st period - Jack Eichel wins face-off versus Connor McDavid in Rangers zone.
11:44 of 1st period - Shot by Willie Mitchell.
11:44 of 1st period - Shot Blocked by Alex Goligoski.
12:16 of 1st period - Shot by Connor McDavid.
12:16 of 1st period - Stopped by Craig Anderson without a rebound.
12:17 of 1st period - Alex Galchenyuk wins face-off versus Brad Richards in BlackHawks zone.
12:40 of 1st period - Shot by Alex Galchenyuk.
12:40 of 1st period - Stopped by Scott Darling with a rebound.
13:26 of 1st period - Shot by Dion Phaneuf.
13:26 of 1st period - Shot Misses the Net.
13:53 of 1st period - Sam Bennett is hit by Matt Calvert and loses puck.
14:20 of 1st period - Shot by Karl Alzner.
14:20 of 1st period - Shot Misses the Net.
14:52 of 1st period - Shot by Jack Eichel.
14:52 of 1st period - Shot Misses the Net.
15:12 of 1st period - Shot by Artemi Panarin.
15:12 of 1st period - Stopped by Scott Darling with a rebound.
15:14 of 1st period - Shot by Adam McQuaid.
15:14 of 1st period - Stopped by Scott Darling with a rebound.
15:26 of 1st period - Shot by Phil Kessel.
15:26 of 1st period - Shot Misses the Net.
15:47 of 1st period - Icing by Alex Goligoski.
15:48 of 1st period - Connor McDavid wins face-off versus Trevor Lewis in Rangers zone.
16:02 of 1st period - Icing by Alex Goligoski.
16:03 of 1st period - Tomas Tatar wins face-off versus Jack Eichel in Rangers zone.
16:42 of 1st period - Shot by Jason Chimera.
16:42 of 1st period - Stopped by Scott Darling without a rebound.
16:43 of 1st period - Alex Galchenyuk wins face-off versus Sean Couturier in Rangers zone.
18:04 of 1st period - Off-side.
18:05 of 1st period - Jack Eichel wins face-off versus Brad Richards in neutral zone.
18:08 of 1st period - Shot by Tom Wilson.
18:08 of 1st period - Shot Hit the Post.
18:11 of 1st period - Icing by Chris Tanev.
18:12 of 1st period - Jack Eichel wins face-off versus Brad Richards in Rangers zone.
18:12 of 1st period - Jack Eichel is hit by Chris Tanev.
18:18 of 1st period - Shot by Jason Chimera.
18:18 of 1st period - Stopped by Scott Darling without a rebound.
18:19 of 1st period - Jack Eichel wins face-off versus Benoit Pouliot in Rangers zone.
18:20 of 1st period - Shot by Jason Chimera.
18:20 of 1st period - Stopped by Scott Darling without a rebound.
18:21 of 1st period - Brad Richards wins face-off versus Jack Eichel in Rangers zone.
18:40 of 1st period - Shot by Jack Eichel.
18:40 of 1st period - Shot Misses the Net.
19:05 of 1st period - Alex Goligoski is hit by Jason Chimera and loses puck.
19:17 of 1st period - Icing by Willie Mitchell.
19:18 of 1st period - Jason Chimera wins face-off versus Connor McDavid in BlackHawks zone.
19:24 of 1st period - Connor McDavid is hit by Jason Demers and loses puck.
19:47 of 1st period - Shot by Tomas Tatar.
19:47 of 1st period - Shot Misses the Net.
19:54 of 1st period - Off-side.
19:55 of 1st period - Sean Couturier wins face-off versus Alex Galchenyuk in neutral zone.
Goals for this period are 1 for Rangers vs 2 for BlackHawks.
Shots for this period are 4 for Rangers vs 12 for BlackHawks.

2nd period


0:01 of 2nd period - Alex Galchenyuk wins face-off versus Brad Richards in neutral zone.
0:04 of 2nd period - Shot by Phil Kessel.
0:04 of 2nd period - Stopped by Scott Darling without a rebound.
0:05 of 2nd period - Alex Galchenyuk wins face-off versus Connor McDavid in Rangers zone.
0:13 of 2nd period - Minor Penalty to Alex Goligoski for Holding.
0:14 of 2nd period - Jaromir Jagr wins face-off versus Alex Galchenyuk in Rangers zone.
0:38 of 2nd period - Alex Galchenyuk is hit by Karl Alzner and loses puck.
1:35 of 2nd period - Shot by John-Michael Liles.
1:35 of 2nd period - Shot Misses the Net.
1:40 of 2nd period - Sam Bennett is hit by Joel Edmundson and loses puck.
2:11 of 2nd period - Shot by Dion Phaneuf.
2:11 of 2nd period - Stopped by Scott Darling without a rebound.
2:12 of 2nd period - Matt Calvert wins face-off versus Sam Bennett in Rangers zone.
2:23 of 2nd period - Shot by Connor McDavid.
2:23 of 2nd period - Deflect By Tomas Tatar.
2:23 of 2nd period - Stopped by Craig Anderson without a rebound.
2:24 of 2nd period - Trevor Lewis wins face-off versus Connor McDavid in BlackHawks zone.
2:58 of 2nd period - Shot by Deryk Engelland.
2:58 of 2nd period - Shot Misses the Net.
3:00 of 2nd period - Shot by Willie Mitchell.
3:00 of 2nd period - Shot Misses the Net.
3:09 of 2nd period - Minor Penalty to Tom Wilson for Hooking.
3:10 of 2nd period - Connor McDavid wins face-off versus Mike Richards in BlackHawks zone.
3:22 of 2nd period - Icing by Alex Goligoski.
3:23 of 2nd period - Connor McDavid wins face-off versus Mike Richards in Rangers zone.
3:57 of 2nd period - Icing by Alex Goligoski.
3:58 of 2nd period - Connor McDavid wins face-off versus Trevor Lewis in Rangers zone.
4:39 of 2nd period - Shot by Matt Calvert.
4:39 of 2nd period - Shot Misses the Net.
4:41 of 2nd period - Shot by Cedric Paquette.
4:41 of 2nd period - Stopped by Craig Anderson without a rebound.
4:42 of 2nd period - Brad Richards wins face-off versus Trevor Lewis in BlackHawks zone.
4:45 of 2nd period - Shot by Jaromir Jagr.
4:45 of 2nd period - Stopped by Craig Anderson without a rebound.
4:46 of 2nd period - Cedric Paquette wins face-off versus Trevor Lewis in BlackHawks zone.
5:07 of 2nd period - Shot by Tomas Tatar.
5:07 of 2nd period - Stopped by Craig Anderson without a rebound.
5:08 of 2nd period - Connor McDavid wins face-off versus Mike Richards in BlackHawks zone.
5:47 of 2nd period - Shot by Brad Richards.
5:47 of 2nd period - Stopped by Craig Anderson without a rebound.
5:48 of 2nd period - Connor McDavid wins face-off versus Alex Galchenyuk in BlackHawks zone.
6:04 of 2nd period - Shot by Artemi Panarin.
6:04 of 2nd period - Goal by Artemi Panarin - Rangers : 1 - BlackHawks : 3.
6:05 of 2nd period - Sam Bennett wins face-off versus Sean Couturier in neutral zone.
6:07 of 2nd period - Mike Richards is hit by Karl Alzner and loses puck.
6:17 of 2nd period - Matt Calvert is hit by Jason Demers and loses puck.
6:25 of 2nd period - Tyler Ennis is hit by Willie Mitchell and loses puck.
6:44 of 2nd period - Shot by Tyler Ennis.
6:44 of 2nd period - Shot Blocked by Mike Richards.
6:46 of 2nd period - Shot by Sean Couturier.
6:46 of 2nd period - Shot Misses the Net.
7:02 of 2nd period - Shot by Brad Richards.
7:02 of 2nd period - Shot Hit the Post.
7:04 of 2nd period - Shot by Brad Richards.
7:04 of 2nd period - Deflect By Benoit Pouliot.
7:04 of 2nd period - Goal by Benoit Pouliot - Rangers : 2 - BlackHawks : 3.
7:05 of 2nd period - Connor McDavid wins face-off versus Alex Galchenyuk in neutral zone.
7:43 of 2nd period - Shot by Connor McDavid.
7:43 of 2nd period - Stopped by Craig Anderson without a rebound.
7:44 of 2nd period - Brad Richards wins face-off versus Jack Eichel in BlackHawks zone.
8:10 of 2nd period - Shot by Jack Eichel.
8:10 of 2nd period - Shot Blocked by Joel Edmundson.
8:12 of 2nd period - Shot by Tom Wilson.
8:12 of 2nd period - Shot Misses the Net.
8:14 of 2nd period - Shot by Adam McQuaid.
8:14 of 2nd period - Stopped by Scott Darling without a rebound.
8:15 of 2nd period - Trevor Lewis wins face-off versus Sean Couturier in Rangers zone.
8:31 of 2nd period - Icing by Sean Couturier.
8:32 of 2nd period - Alex Galchenyuk wins face-off versus Sean Couturier in Rangers zone.
8:38 of 2nd period - Icing by Tyler Ennis.
8:39 of 2nd period - Alex Galchenyuk wins face-off versus Sean Couturier in Rangers zone.
10:27 of 2nd period - Kris Russell is hit by Jason Demers and loses puck.
10:54 of 2nd period - Shot by Sam Bennett.
10:54 of 2nd period - Shot Misses the Net.
10:56 of 2nd period - Shot by Mike Richards.
10:56 of 2nd period - Deflect By Michael McCarron.
10:56 of 2nd period - Stopped by Scott Darling with a rebound.
11:48 of 2nd period - Shot by Alex Galchenyuk.
11:48 of 2nd period - Shot Misses the Net.
11:54 of 2nd period - Shot by Artemi Panarin.
11:54 of 2nd period - Stopped by Scott Darling with a rebound.
12:19 of 2nd period - Off-side.
12:20 of 2nd period - Jack Eichel wins face-off versus Sean Couturier in neutral zone.
12:41 of 2nd period - Icing by Chris Tanev.
12:42 of 2nd period - Trevor Lewis wins face-off versus Sean Couturier in Rangers zone.
13:27 of 2nd period - Off-side.
13:28 of 2nd period - Alex Galchenyuk wins face-off versus Brad Richards in neutral zone.
13:49 of 2nd period - Shot by Phil Kessel.
13:49 of 2nd period - Goal by Phil Kessel - Rangers : 2 - BlackHawks : 4.
13:49 of 2nd period - Brian Elliott enters game.
13:50 of 2nd period - Jack Eichel wins face-off versus Craig Smith in neutral zone.
13:50 of 2nd period - Tom Wilson is hit by Craig Smith and loses puck.
14:11 of 2nd period - Shot by Tomas Tatar.
14:11 of 2nd period - Stopped by Craig Anderson without a rebound.
14:12 of 2nd period - Brad Richards wins face-off versus Alex Galchenyuk in BlackHawks zone.
14:31 of 2nd period - Shot by Brad Richards.
14:31 of 2nd period - Shot Blocked by John Klingberg.
14:34 of 2nd period - Icing by Dion Phaneuf.
14:35 of 2nd period - Connor McDavid wins face-off versus Alex Galchenyuk in BlackHawks zone.
14:40 of 2nd period - Shot by Tomas Tatar.
14:40 of 2nd period - Stopped by Craig Anderson without a rebound.
14:41 of 2nd period - Connor McDavid wins face-off versus Jack Eichel in BlackHawks zone.
14:56 of 2nd period - Shot by Jason Chimera.
14:56 of 2nd period - Stopped by Brian Elliott without a rebound.
14:57 of 2nd period - Brad Richards wins face-off versus Alex Galchenyuk in Rangers zone.
15:14 of 2nd period - Artemi Panarin is hit by Jaromir Jagr and loses puck.
15:36 of 2nd period - Artemi Panarin is hit by Kris Russell and loses puck.
16:17 of 2nd period - Shot by Jack Eichel.
16:17 of 2nd period - Stopped by Brian Elliott without a rebound.
16:18 of 2nd period - Sean Couturier wins face-off versus Sam Bennett in Rangers zone.
16:22 of 2nd period - Icing by Joel Edmundson.
16:23 of 2nd period - Sean Couturier wins face-off versus Sam Bennett in Rangers zone.
16:23 of 2nd period - Matt Calvert is hit by Michael McCarron and loses puck.
16:51 of 2nd period - Shot by Sam Bennett.
16:51 of 2nd period - Stopped by Brian Elliott without a rebound.
16:52 of 2nd period - Connor McDavid wins face-off versus Artemi Panarin in Rangers zone.
16:59 of 2nd period - Icing by Phil Kessel.
17:00 of 2nd period - Connor McDavid wins face-off versus Alex Galchenyuk in BlackHawks zone.
17:13 of 2nd period - Shot by Artemi Panarin.
17:13 of 2nd period - Stopped by Brian Elliott without a rebound.
17:14 of 2nd period - Jack Eichel wins face-off versus Benoit Pouliot in Rangers zone.
17:45 of 2nd period - Shot by Jack Eichel.
17:45 of 2nd period - Deflect By Jason Chimera.
17:45 of 2nd period - Stopped by Brian Elliott without a rebound.
17:46 of 2nd period - Connor McDavid wins face-off versus Alex Galchenyuk in Rangers zone.
17:46 of 2nd period - Connor McDavid is hit by Alex Galchenyuk.
18:15 of 2nd period - Shot by Phil Kessel.
18:15 of 2nd period - Deflect By Alex Galchenyuk.
18:15 of 2nd period - Shot Misses the Net.
18:18 of 2nd period - Icing by Karl Alzner.
18:19 of 2nd period - Jack Eichel wins face-off versus Tomas Tatar in Rangers zone.
18:46 of 2nd period - Icing by Adam McQuaid.
18:47 of 2nd period - Brad Richards wins face-off versus Jack Eichel in BlackHawks zone.
18:59 of 2nd period - Shot by Brad Richards.
18:59 of 2nd period - Shot Misses the Net.
19:00 of 2nd period - Minor Penalty to Adam McQuaid for Holding.
19:01 of 2nd period - Mike Richards wins face-off versus Connor McDavid in BlackHawks zone.
19:29 of 2nd period - Shot by Kris Russell.
19:29 of 2nd period - Shot Misses the Net.
Goals for this period are 1 for Rangers vs 2 for BlackHawks.
Shots for this period are 9 for Rangers vs 12 for BlackHawks.

3rd period


0:01 of 3rd period - Mike Richards wins face-off versus Connor McDavid in neutral zone.
0:06 of 3rd period - Shot by Connor McDavid.
0:06 of 3rd period - Stopped by Craig Anderson without a rebound.
0:07 of 3rd period - Connor McDavid wins face-off versus Mike Richards in BlackHawks zone.
0:08 of 3rd period - Shot by Benoit Pouliot.
0:08 of 3rd period - Shot Misses the Net.
1:07 of 3rd period - Artemi Panarin is hit by Joel Edmundson and loses puck.
1:18 of 3rd period - Shot by Cedric Paquette.
1:18 of 3rd period - Shot Misses the Net.
1:20 of 3rd period - Shot by Brad Richards.
1:20 of 3rd period - Deflect By Mikael Backlund.
1:20 of 3rd period - Shot Misses the Net.
1:34 of 3rd period - Shot by Cedric Paquette.
1:34 of 3rd period - Stopped by Craig Anderson without a rebound.
1:35 of 3rd period - Sean Couturier wins face-off versus Trevor Lewis in BlackHawks zone.
2:01 of 3rd period - Minor Penalty to Matt Calvert for Roughing.
2:02 of 3rd period - Jason Chimera wins face-off versus Jaromir Jagr in Rangers zone.
2:03 of 3rd period - Shot by Jack Eichel.
2:03 of 3rd period - Shot Misses the Net.
2:25 of 3rd period - Shot by Jack Eichel.
2:25 of 3rd period - Stopped by Brian Elliott with a rebound.
2:37 of 3rd period - Shot by Jason Chimera.
2:37 of 3rd period - Shot Blocked by Joel Edmundson.
2:39 of 3rd period - Shot by John-Michael Liles.
2:39 of 3rd period - Deflect By Jack Eichel.
2:39 of 3rd period - Stopped by Brian Elliott without a rebound.
2:40 of 3rd period - Jaromir Jagr wins face-off versus Alex Galchenyuk in Rangers zone.
2:40 of 3rd period - Jaromir Jagr is hit by Artemi Panarin.
2:58 of 3rd period - Shot by Alex Galchenyuk.
2:58 of 3rd period - Shot Misses the Net.
3:00 of 3rd period - Shot by Alex Galchenyuk.
3:00 of 3rd period - Shot Misses the Net.
3:02 of 3rd period - Shot by Phil Kessel.
3:02 of 3rd period - Goal by Phil Kessel - Rangers : 2 - BlackHawks : 5.
3:03 of 3rd period - Trevor Lewis wins face-off versus Connor McDavid in neutral zone.
3:05 of 3rd period - Willie Mitchell is hit by Chris Tanev and loses puck.
3:09 of 3rd period - Zack Kassian is hit by Kris Russell.
3:24 of 3rd period - Shot by Trevor Lewis.
3:24 of 3rd period - Shot Misses the Net.
3:26 of 3rd period - Shot by Deryk Engelland.
3:26 of 3rd period - Stopped by Brian Elliott without a rebound.
3:27 of 3rd period - Mikael Backlund wins face-off versus Phil Kessel in Rangers zone.
3:27 of 3rd period - Mikael Backlund is hit by Artemi Panarin.
4:04 of 3rd period - Shot by Artemi Panarin.
4:04 of 3rd period - Shot Blocked by Joel Edmundson.
4:06 of 3rd period - Shot by John Klingberg.
4:06 of 3rd period - Stopped by Brian Elliott with a rebound.
4:58 of 3rd period - Shot by Jack Eichel.
4:58 of 3rd period - Stopped by Brian Elliott without a rebound.
4:59 of 3rd period - Sean Couturier wins face-off versus Sam Bennett in Rangers zone.
4:59 of 3rd period - Sean Couturier is hit by Mike Richards.
5:19 of 3rd period - Michael McCarron is hit by Tyler Ennis and loses puck.
5:28 of 3rd period - Shot by Sam Bennett.
5:28 of 3rd period - Shot Misses the Net.
5:30 of 3rd period - Shot by Adam McQuaid.
5:30 of 3rd period - Shot Blocked by Sean Couturier.
5:38 of 3rd period - Shot by Sam Bennett.
5:38 of 3rd period - Shot Misses the Net.
6:28 of 3rd period - Shot by Phil Kessel.
6:28 of 3rd period - Shot Misses the Net.
6:42 of 3rd period - Shot by Tomas Tatar.
6:42 of 3rd period - Stopped by Craig Anderson without a rebound.
6:43 of 3rd period - Brad Richards wins face-off versus Jack Eichel in BlackHawks zone.
6:58 of 3rd period - Shot by Brad Richards.
6:58 of 3rd period - Stopped by Craig Anderson without a rebound.
6:59 of 3rd period - Brad Richards wins face-off versus Sam Bennett in BlackHawks zone.
7:00 of 3rd period - Shot by Mikael Backlund.
7:00 of 3rd period - Shot Misses the Net.
7:11 of 3rd period - Minor Penalty to Cedric Paquette for Hooking.
7:12 of 3rd period - Jack Eichel wins face-off versus Jaromir Jagr in Rangers zone.
7:53 of 3rd period - Icing by Jason Demers.
7:54 of 3rd period - Jaromir Jagr wins face-off versus Jack Eichel in BlackHawks zone.
8:25 of 3rd period - Shot by Alex Galchenyuk.
8:25 of 3rd period - Stopped by Brian Elliott without a rebound.
8:26 of 3rd period - Alex Galchenyuk wins face-off versus Benoit Pouliot in Rangers zone.
8:49 of 3rd period - Shot by John Klingberg.
8:49 of 3rd period - Shot Blocked by Alex Goligoski.
8:51 of 3rd period - Shot by Dion Phaneuf.
8:51 of 3rd period - Shot Misses the Net.
9:04 of 3rd period - Shot by Phil Kessel.
9:04 of 3rd period - Shot Misses the Net.
9:28 of 3rd period - Shot by Cedric Paquette.
9:28 of 3rd period - Shot Misses the Net.
9:37 of 3rd period - Off-side.
9:38 of 3rd period - Jack Eichel wins face-off versus Sean Couturier in neutral zone.
9:47 of 3rd period - John-Michael Liles is hit by Tyler Ennis and loses puck.
10:36 of 3rd period - Minor Penalty to Tom Wilson for Holding.
10:37 of 3rd period - Connor McDavid wins face-off versus Trevor Lewis in BlackHawks zone.
12:16 of 3rd period - Shot by Benoit Pouliot.
12:16 of 3rd period - Shot Blocked by Adam McQuaid.
12:52 of 3rd period - Jack Eichel is hit by Joel Edmundson and loses puck.
13:03 of 3rd period - Shot by Tom Wilson.
13:03 of 3rd period - Stopped by Brian Elliott without a rebound.
13:04 of 3rd period - Sean Couturier wins face-off versus Trevor Lewis in Rangers zone.
14:56 of 3rd period - Minor Penalty to Dion Phaneuf for Charging.
14:57 of 3rd period - Mike Richards wins face-off versus Cedric Paquette in BlackHawks zone.
15:08 of 3rd period - Shot by Alex Goligoski.
15:08 of 3rd period - Shot Misses the Net.
15:14 of 3rd period - Shot by Alex Goligoski.
15:14 of 3rd period - Stopped by Craig Anderson without a rebound.
15:15 of 3rd period - Connor McDavid wins face-off versus Trevor Lewis in BlackHawks zone.
16:02 of 3rd period - Shot by Alex Goligoski.
16:02 of 3rd period - Shot Blocked by Trevor Lewis.
16:04 of 3rd period - Shot by Fredrik Claesson.
16:04 of 3rd period - Shot Misses the Net.
16:06 of 3rd period - Shot by Tomas Tatar.
16:06 of 3rd period - Shot Misses the Net.
16:20 of 3rd period - Shot by Tomas Tatar.
16:20 of 3rd period - Shot Misses the Net.
16:22 of 3rd period - Shot by Tomas Tatar.
16:22 of 3rd period - Shot Blocked by Trevor Lewis.
16:24 of 3rd period - Shot by Alex Goligoski.
16:24 of 3rd period - Stopped by Craig Anderson without a rebound.
16:25 of 3rd period - Mike Richards wins face-off versus Brad Richards in BlackHawks zone.
16:25 of 3rd period - Mike Richards is hit by Jaromir Jagr.
16:48 of 3rd period - Icing by Benoit Pouliot.
16:49 of 3rd period - Brad Richards wins face-off versus Mike Richards in Rangers zone.
19:23 of 3rd period - Shot by Tom Wilson.
19:23 of 3rd period - Stopped by Brian Elliott with a rebound.
19:46 of 3rd period - Icing by John Klingberg.
19:47 of 3rd period - Trevor Lewis wins face-off versus Benoit Pouliot in BlackHawks zone.
Goals for this period are 0 for Rangers vs 1 for BlackHawks.
Shots for this period are 6 for Rangers vs 9 for BlackHawks.